 Dungeon Crawl Stone Soup version 0.30.0-17-ge0270778cf (webtiles) character file.

Game seed: 7611696548455614690

1200 cheesebisquit the Ogre Mage (level 8, -9/75 (79) HPs)
             Began as an Ogre Necromancer on May 22, 2023.
             Mangled by a hell rat (11 damage)
             ... in a sewer.
             The game lasted 00:32:20 (7853 turns).

cheesebisquit the Ogre Mage (Ogre Necromancer)      Turns: 7853, Time: 00:32:21

HP:   -9/75 (79)    AC:  4    Str: 13    XL:     8   Next: 44%
MP:   17/17         EV: 10    Int: 18    God:
Gold: 232           SH:  5    Dex:  9    Spells: 6/19 levels left

rFire   . . .        p - +0 morningstar
rCold   + . .        (no shield)
rNeg    . . .        a - +0 robe
rPois   .            (helmet restricted)
rElec   .            l - +0 cloak
rCorr   .            (gloves unavailable)
SInv    .            (boots unavailable)
Will    .....        t - amulet of reflection
Stlth   ++           m - ring of protection from cold
HPRegen 0.32/turn    (no ring)
MPRegen 0.15/turn

%: reflection
@: drained
A: large, unfitting armour, tough skin 1
a: no special abilities


You were in a sewer.
You visited 2 branches of the dungeon, and saw 7 of its levels.
You also visited: Sewer.

You collected 232 gold pieces.

Inventory:

Hand Weapons
 d - a +0 club
 g - a +2 antimagic sling
 p - a +0 morningstar (weapon)
 s - a +0 giant spiked club
Missiles
 e - 10 poisoned darts
Armour
 a - a +0 robe (worn)
 l - a +0 cloak (worn)
Jewellery
 m - a ring of protection from cold (left hand)
 t - an amulet of reflection (around neck)
Wands
 b - a wand of polymorph (5)
 q - a wand of roots (1)
 v - a wand of charming (4)
Scrolls
 j - a scroll of enchant armour {unknown}
Potions
 c - a potion of mutation
 f - a potion of curing
 h - 2 potions of degeneration
 n - a potion of might {unknown}
 o - a potion of flight {unknown}
 u - a potion of lignification {unknown}


   Skills:
 + Level 4.8 Fighting
 + Level 3.2 Maces & Flails
 + Level 3.0 Dodging
 + Level 2.6 Stealth
 + Level 6.0 Spellcasting
 + Level 5.8 Necromancy


You had 6 spell levels left.
You knew the following spells:

 Your Spells              Type           Power      Damage    Failure   Level
a - Necrotise             Necr           100%       1d9       1%          1
b - Vampiric Draining     Necr           26%        2d7       3%          3
c - Animate Dead          Necr           26%        N/A       11%         4
d - Agony                 Necr           26%        N/A       30%         5

Your spell library contained the following spells:

 Spells                   Type           Power      Damage    Failure   Level
 Beastly Appendage        Tmut           10%        N/A       12%         1
 Blink                    Tloc           10%        N/A       19%         2
 Lesser Beckoning         Tloc           10%        N/A       19%         2
 Momentum Strike          Conj/Tloc      10%        3d8       19%         2
 Wereblood                Tmut           5%         N/A       19%         2
 Spider Form              Tmut/Pois      5%         N/A       34%         3
 Vhi's Electric Charge    Tloc/Air       10%        N/A       34%         3
 Arcjolt                  Conj/Air       2%         1d12      97%         5
 Plasma Beam              Fire/Air       2%         2x1d14    100%        6
 Haunt                    Necr/Summ      7%         N/A       100%        7
 Infestation              Necr           13%        N/A       100%        8


Dungeon Overview and Level Annotations

Branches:
Dungeon (6/15)             Temple (1/1) D:5           Sewer (1/1)

Altars:
Cheibriados
Dithmenos
Fedhas
Gozag
Hepliaklqana
Makhleb
Nemelex Xobeh
Qazlal
Trog
Uskayaw
Wu Jian
Yredelemnul
Zin

Annotations:
D:5 Menkaure, Pikel


Innate Abilities, Weirdness & Mutations

You are too large for most types of armour.
You have tough skin. (AC +1)


Message History

The hell rat bites you but does no damage.
You barely miss the hell rat.
The hell rat is heavily wounded.
The hell rat splashes around in the water.
You closely miss the hell rat.
The hell rat is heavily wounded.
The hell rat misses you. The hell rat bites you!
You closely miss the hell rat.
The hell rat is heavily wounded.
The hell rat bites you!
You hit the hell rat but do no damage.
The hell rat is heavily wounded.
The hell rat bites you!!
The hell rat splashes around in the water.
You puncture the hell rat!
The hell rat is almost dead.
The hell rat bites you! x2
* * * LOW HITPOINT WARNING * * *
You barely miss the hell rat.
The hell rat is almost dead.
The hell rat bites you!
* * * LOW HITPOINT WARNING * * *
You feel drained.
You closely miss the hell rat.
The hell rat is almost dead.
The hell rat barely misses you. The hell rat bites you.
* * * LOW HITPOINT WARNING * * *
You feel drained.
* * * LOW HITPOINT WARNING * * *
You barely miss the hell rat.
The hell rat is almost dead.
The hell rat splashes around in the water. x2
You barely miss the hell rat.
The hell rat is almost dead.
The hell rat barely misses you.
You closely miss the hell rat.
The hell rat is almost dead.
The hell rat splashes around in the water.
The hell rat bites you!
You die...

#########
###.~~~.~~###
###~...~.~~..~#
#~..~~##@##~.~..
##.~.###~r~# .~.
#~~~##.~~~~~~ .
#~..#~~~~~~~.~# ~
#~~~##~??!??~##.~
##~..###?∩?###.~~
#~~~~.#####.~~~.
###~~~.~∩~~~~.#
###~..∩.~.##


You could see a hell rat.

Vanquished Creatures
  Grinder (D:5)
  Duvessa (D:4)
  An ogre (D:4)
  A centaur (D:5)
  2 lemures
  A phantom (D:5)
  2 scorpions
  A howler monkey (D:5)
  A jelly (D:6)
  2 orc priests
  A gnoll bouda (D:4)
  A sleepcap (D:4)
  2 iguanas (D:5)
  3 orc wizards
  2 gnolls (D:4)
  5 adders
  A river rat (Sewer)
  3 worms
  3 dart slugs
  11 orcs
  3 ball pythons
  6 bats
  9 endoplasms
  8 giant cockroaches
  6 goblins
  4 hobgoblins
  4 jackals (D:2)
  6 kobolds
  4 quokkas
  2 frilled lizards
  15 rats
112 creatures vanquished.

Vanquished Creatures (collateral kills)
  A lemure (D:5)
  Dowan (D:5)
  A gnoll (D:4)
  An orc (D:5)
  2 goblins (D:1)
6 creatures vanquished.

Vanquished Creatures (others)
  A shadow imp (D:5)
1 creature vanquished.

Grand Total: 119 creatures vanquished

Notes
Turn   | Place    | Note
-------+----------+-------------------------------------------
     0 | D:1      | cheesebisquit the Ogre Necromancer began the quest for the
                  | Orb.
     0 | D:1      | Reached XP level 1. HP: 16/16 MP: 3/3
   122 | D:1      | Reached XP level 2. HP: 24/24 MP: 1/5
   310 | D:1      | Reached skill level 3 in Spellcasting
   763 | D:1      | Reached XP level 3. HP: 31/31 MP: 4/7
  1246 | D:2      | Found a faded altar of an unknown god.
  1577 | D:2      | Found a hazy altar of Hepliaklqana.
  1853 | D:2      | Reached XP level 4. HP: 39/39 MP: 4/9
  2685 | D:3      | Found a burning altar of Makhleb.
  2902 | D:3      | Reached skill level 4 in Spellcasting
  3058 | D:3      | Learned a level 3 spell: Vampiric Draining
  3067 | D:3      | Learned a level 4 spell: Animate Dead
  3742 | D:4      | Reached XP level 5. HP: 46/46 MP: 6/11
  3762 | D:4      | Reached skill level 1 in Fighting
  3882 | D:4      | Noticed an ogre
  3919 | D:4      | Found a hide-covered altar of Uskayaw.
  3920 | D:4      | Found an ornate altar of the Wu Jian Council.
  3920 | D:4      | Found a snail-covered altar of Cheibriados.
  4093 | D:4      | Reached skill level 1 in Maces & Flails
  4501 | D:4      | Reached XP level 6. HP: 50/57 MP: 2/12
  4672 | D:4      | Reached skill level 5 in Necromancy
  4681 | D:4      | Learned a level 5 spell: Agony
  5405 | D:4      | Reached skill level 5 in Spellcasting
  5567 | D:5      | Entered Level 5 of the Dungeon
  5605 | D:5      | Noticed Dowan
  5606 | D:5      | Noticed Duvessa
  5703 | D:5      | Reached XP level 7. HP: 61/67 MP: 6/14
  5785 | D:5      | Noticed Menkaure
  6049 | D:5      | Found a staircase to the Ecumenical Temple.
  6058 | Temple   | Entered the Ecumenical Temple
  6200 | D:5      | Noticed Grinder
  6248 | D:5      | Killed Grinder
  6250 | D:5      | HP: 2/68 [centaur/arrow (11)]
  6494 | D:4      | Reached XP level 8. HP: 22/78 MP: 9/16
  6815 | D:5      | Killed Dowan
  6945 | D:5      | Noticed Pikel
  6976 | D:4      | Killed Duvessa
  7250 | D:5      | HP: 3/79 [constriction (8)]
  7689 | D:6      | Found a glowing drain.
  7719 | Sewer    | Entered a sewer
  7802 | Sewer    | Reached skill level 6 in Spellcasting
  7850 | Sewer    | HP: 3/77 [hell rat (4)]
  7850 | Sewer    | HP: 1/75 [hell rat (2)]
  7853 | Sewer    | Mangled by a hell rat

Illustrated notes

Levels and vault maps discovered:
D:1:      arrival_zaba_pyramid, layout_basic
D:2:      layout_basic, shapermc_ecumenical_altar_mp_highgroup, basic_altar
D:3:      layout_basic, general_overflow_altar
D:4:      layout_layer_cave, chequers_temple_overflow_statue_of_worship
D:5:      layout_basic, minmay_temple_entry_glass, serial_curves,
          eino_curves_03, eino_curves_01, eino_curves_04, st_stairs_13,
          hangedman_decor_clover_reticule, chequers_garden, corexii_shack,
          uniq_menkaure, uniq_pikel, uniq_duvessa, uniq_grinder
D:6:      cheibrodos_thug_alley, layout_loops_ring, lemuel_round_altar,
          portal_sewer_entry_a
Temple:   nicolae_temple_colour_theory
Sewer:    sewer_hellmonk_bad_rat

Skill      XL: |  1  2  3  4  5  6  7  8 |
---------------+-------------------------+-----
Spellcasting   | 3 4 5 6 |  6.0
Necromancy     | 4 5 |  5.8
Fighting       | 2 3 4 |  4.8
Maces & Flails | 1 2 3 |  3.2
Dodging        | 2 3 |  3.0
Stealth        | 2 |  2.6

Action                     |  1- 3 |  4- 6 |  7- 9 || total
---------------------------+-------+-------+-------++-------
  Melee: Unarmed           |     3 |       |       ||     3
         Morningstar       |       |     7 |    92 ||    99
         Punch             |       |       |     1 ||     1
  Throw: Dart              |       |     4 |       ||     4
   Cast: Necrotise         |    90 |   120 |    67 ||   277
         Vampiric Draining |       |       |     7 ||     7
  Evoke: Wand              |       |     2 |     3 ||     5
    Use: Potion            |     1 |       |     5 ||     6
         Scroll            |       |     4 |     6 ||    10
 Armour: Robe              |     7 |    10 |    27 ||    44
  Dodge: Dodged            |     5 |    18 |    63 ||    86
  Block: Other             |       |       |    33 ||    33
